AoeStats
← Caribe

Arena

508366216Analyzed
1v1 RM · 11d ago on Sep 22, 2026· 34m 39s· 2 players
Game mode
Random Map
Map size
Tiny (2 player)
Population
200
Speed
Normal
Resources
Standard
Victory
Conquest
Starting age
Dark Age
Ending age
Imperial Age
RankedLock teamsTeams togetherTeam positionsShared explorationLock speedFull tech treeHidden civsTurbo modeCheats
Victory
Defeat
🇪🇨 Byzantines · Ecuador
1271
+15
🇻🇪 Spanish · Venezuela
1248
-15
Caribe
11:20 Feudal Age
15:12 Castle Age
13:21 Double-Bit Axe
13:32 Horse Collar
14:55 Loom
20:28 Fletching
21:02 Bow Saw
23:16 Heavy Plow
25:11 Husbandry
26:38 Bloodlines
26:56 Padded Archer Armor
31:30 Imperial Age
31:14 Forging
33:08 Iron Casting
32:39 Scale Barding Armor
33:53 Chemistry
ChaosHydra.exe
10:51 Feudal Age
14:49 Castle Age
16:17 Loom
28:21 Imperial Age
26:24 Double-Bit Axe
27:51 Bow Saw
28:35 Padded Archer Armor
29:46 Block Printing
30:52 Leather Archer Armor
33:57 Fletching
Connection lost

Rejoining the realm…

Still unreachable

The connection could not be restored.

Session expired

The server has moved on; the page needs a fresh start.